 Dungeon Crawl Stone Soup version 0.22-a0-305-gd21a89c (webtiles) character file.

18355 tilp the Markscentaur (level 12, -3/100 HPs)
             Began as a Centaur Hunter on Mar 30, 2018.
             Was a High Priest of Okawaru.
             Killed from afar by a molten gargoyle (20 damage)
             ... with a bolt of magma
             ... in a volcano.
             The game lasted 00:55:07 (17840 turns).

tilp the Markscentaur (Centaur Hunter)             Turns: 17840, Time: 00:55:08

Health: -3/100     AC: 24    Str: 23    XL:     12   Next: 27%
Magic:  18/24      EV:  9    Int: 13    God:    Okawaru [*****.]
Gold:   221        SH:  0    Dex: 11    Spells: 11/11 levels left

rFire    + . .     SeeInvis .   a - +5 shortbow
rCold    . . .     Gourm    .   (shield currently unavailable)
rNeg     . . .     Faith    +   R - +7 chain mail of the Prince {rPois MP+9 Int+3}
rPois    +         Spirit   .   C - +0 helmet of Sunlight {MR++}
rElec    .         Reflect  .   m - +1 cloak
rCorr    .         Harm     .   B - +1 pair of gloves
MR       ++...                  (no barding)
Stlth    ..........             v - amulet of faith
HPRegen  0.26/turn              A - ring of protection from fire
MPRegen  0.19/turn              r - +4 ring of strength

@: about to teleport, heroism, finesse, very quick
A: large, hooves 3, deformed body, speed 2, tough skin 3
a: Heroism, Finesse, Renounce Religion


You were in a volcano.
You worshipped Okawaru.
Okawaru was extremely pleased with you.
You were not hungry.

You visited 3 branches of the dungeon, and saw 15 of its levels.
You also visited: Volcano.

You collected 778 gold pieces.
You spent 557 gold pieces at shops.

Inventory:

Hand Weapons
 a - a +5 shortbow (weapon)
 b - a +2 dagger of speed
 e - a +0 battleaxe of electrocution
 q - a +2 hand crossbow of flaming
 s - the +1 hand axe of Sixarph {chop, Dex+5 Stlth+}
   (You found it on level 11 of the Dungeon)

   It inflicts extra damage upon your enemies.
   It affects your dexterity (+5).
   It makes you more stealthy.
Missiles
 d - 309 arrows (quivered)
Armour
 m - a +1 cloak (worn)
 o - a +1 helmet
 B - a +1 pair of gloves (worn)
 C - the +0 helmet of Sunlight (worn) {MR++}
   (Okawaru gifted it to you on level 1 of the Lair of Beasts)

   It affects your resistance to hostile enchantments.
 D - a +1 chain mail of magic resistance
 E - a +0 buckler
 R - the +7 chain mail of the Prince (worn) {rPois MP+9 Int+3}
   (You bought it in a shop on level 12 of the Dungeon)

   It affects your intelligence (+3).
   It protects you from poison.
   It affects your magic capacity (+9).
Jewellery
 c - a +5 ring of dexterity
 r - a +4 ring of strength (right hand)
 v - an amulet of faith (around neck)
 A - a ring of protection from fire (left hand)
Wands
 w - a wand of disintegration (20)
 y - a wand of flame (6)
 G - a wand of paralysis (21)
Scrolls
 l - 12 scrolls of remove curse
 t - 4 scrolls of amnesia
 u - 4 scrolls of fog
 F - 2 scrolls of torment
 L - 2 scrolls of enchant weapon
 M - 2 scrolls of magic mapping
 O - 2 scrolls of noise {unknown}
Potions
 i - 2 potions of might
 j - a potion of brilliance {unknown}
 k - 3 potions of curing
 n - 3 potions of flight
 p - 2 potions of agility
 x - 2 potions of invisibility
 z - a potion of mutation {unknown}
 H - a potion of cancellation {unknown}
 I - a potion of degeneration {unknown}
 J - 2 potions of resistance {unknown}
 K - a potion of heal wounds
 N - a potion of haste
Comestibles
 f - 18 rations


   Skills:
 - Level 7.0(12.0) Fighting
 - Level 20.0(25.0) Bows
 - Level 6.0(11.0) Armour
 - Level 1.3(6.3) Dodging
 - Level 0.4(5.4) Stealth
 + Level 3.4 Invocations
 - Level 4.2 Evocations


You had 11 spell levels left.
You didn't know any spells.

Dungeon Overview and Level Annotations

Branches:
Dungeon (12/15)            Temple (1/1) D:7            Lair (2/6) D:9
    Orc (0/2) D:9
  Swamp: Lair:2-4    Shoals: Lair:2-4     Snake: Lair:2-4    Spider: Lair:2-4

Altars:
Ashenzari
Cheibriados
Dithmenos
Elyvilon
Fedhas
Gozag
Hepliaklqana
Kikubaaqudgha
Makhleb
Nemelex Xobeh
Okawaru
Qazlal
Ru
Sif Muna
Trog
Uskayaw
Vehumet
Wu Jian
Xom
Yredelemnul
Zin
The Shining One

Shops:
D:12 !:[

Portals:
Bazaar: D:12


Innate Abilities, Weirdness & Mutations

You have hooves in place of feet.
Armour fits poorly on your strangely shaped body.
You cover ground very quickly.
You have extremely tough skin. (AC +3)


Message History

* * * LOW HITPOINT WARNING * * *
A red draconian comes into view. It is wielding a broad axe of flaming.
Unknown command.
As you read the scroll of fear, it crumbles to dust.
You assume a fearsome visage.
The red draconian looks frightened!
The centaur looks frightened!
The centaur warrior looks frightened!
The molten gargoyle is unaffected.
The yaktaur looks frightened!
The molten gargoyle barely misses you.
A centaur opens the door.
Found five items.
A yaktaur comes into view. It is wielding an arbalest of flaming.
As you read the scroll of teleportation, it crumbles to dust.
You feel strangely unstable.
The yaktaur shouts!
The centaur warrior cries, "Mercy!"
The molten gargoyle hits you but does no damage.
A centaur warrior opens the door.
Unknown command.
The molten gargoyle blasts magma at you!
The bolt of magma hits you! You partially resist.
You die...

##$$$## #..8..# ##
#.....##.# .....8[.#
## ..⌠.. .# .####
#... .# ....####
##(#####'#
≈.....8###)..#9.@.#
≈≈....((('(∩.c(._.d#
≈§....8###..c#....##
≈≈≈..### ##'####'##
≈≈≈..## # #c$
≈≈≈§..## #!$#
≈≈≈≈≈..### 8c(#
≈≈≈≈≈≈...# ##.#
§≈≈≈≈≈...#


You could see a red draconian (fleeing), a centaur warrior (fleeing), 2
yaktaurs, a molten gargoyle and a centaur (fleeing).

Vanquished Creatures
  4 two-headed ogres
  A lindwurm (Lair:2)
  Pikel (D:7)
  4 ugly things
  4 spiny frogs
  A komodo dragon (D:9)
  A troll (D:9)
  A merfolk (D:9)
  A hornet (D:10)
  2 hippogriffs
  A slime creature (D:7)
  A shadow (D:12)
  17 yaks
  A basilisk (Lair:1)
  7 fire bats (Volcano)
  2 wyverns
  3 hungry ghosts
  A water moccasin (Lair:1)
  3 porcupines
  A black bear (D:9)
  4 orc warriors
  3 slaves (D:7)
  3 ice beasts
  3 sky beasts
  2 phantoms
  2 necrophages
  5 ogres
  12 centaurs
  A big kobold (D:11)
  A crocodile (D:9)
  8 bullfrogs
  18 killer bees
  An electric eel (Lair:1)
  3 howler monkeys
  6 lava snakes (Volcano)
  A centaur zombie (D:5)
  2 crimson imps (D:11)
  3 hounds
  A jelly (D:9)
  10 orc priests
  Crazy Yiuf (D:2)
  A gnoll shaman (D:8)
  9 orc wizards
  4 bullfrog skeletons
  4 iguanas
  Jessica (D:2)
  12 worker ants
  2 howler monkey zombies
  3 worker ant zombies
  A howler monkey skeleton (D:7)
  11 adders
  8 gnolls
  2 shadow imps
  3 oozes
  A worm (D:2)
  A dart slug (D:3)
  7 leopard geckos
  38 orcs
  3 ball pythons
  4 giant cockroaches
  8 goblins
  6 hobgoblins
  8 jackals
  14 kobolds
  3 quokkas
  8 bats
  6 frilled lizards
  2 leopard gecko skeletons
  A leopard gecko zombie (D:8)
  A quokka zombie (D:9)
  11 rats
  A bush (D:4)
331 creatures vanquished.

Vanquished Creatures (others)
  7 fungi (D:9)
  2 plants (D:9)
9 creatures vanquished.

Grand Total: 340 creatures vanquished

Notes
Turn   | Place    | Note
-------+----------+-------------------------------------------
     0 | D:1      | tilp the Centaur Hunter began the quest for the Orb.
     0 | D:1      | Reached XP level 1. HP: 17/17 MP: 1/1
   247 | D:1      | Reached XP level 2. HP: 14/24 MP: 2/2
   252 | D:1      | Reached skill level 6 in Bows
   514 | D:1      | Reached XP level 3. HP: 13/29 MP: 3/3
  1134 | D:2      | Reached skill level 7 in Bows
  1476 | D:2      | Found a runed door.
  1760 | D:2      | Found a radiant altar of Vehumet.
  1760 | D:2      | Found a stormy altar of Qazlal.
  1855 | D:2      | Noticed Jessica
  1885 | D:2      | Killed Jessica
  1885 | D:2      | Reached XP level 4. HP: 25/36 MP: 4/4
  1998 | D:2      | Found a shattered altar of Ashenzari.
  2682 | D:3      | Reached skill level 8 in Bows
  2885 | D:3      | Reached XP level 5. HP: 27/41 MP: 5/5
  3187 | D:3      | Found a blossoming altar of Fedhas.
  3512 | D:3      | Reached skill level 9 in Bows
  3576 | D:3      | Found a sparkling altar of Nemelex Xobeh.
  3577 | D:3      | Found a sacrificial altar of Ru.
  3635 | D:3      | Found a shimmering altar of Xom.
  3989 | D:4      | Reached XP level 6. HP: 30/48 MP: 6/6
  4174 | D:4      | Reached skill level 10 in Bows
  4194 | D:4      | Found a blossoming altar of Fedhas.
  4611 | D:4      | Reached XP level 7. HP: 39/55 MP: 7/7
  4619 | D:4      | Reached skill level 11 in Bows
  5260 | D:5      | Entered Level 5 of the Dungeon
  5448 | D:5      | Reached skill level 12 in Bows
  6005 | D:5      | Reached XP level 8. HP: 61/61 MP: 8/8
  6045 | D:5      | Reached skill level 13 in Bows
  6422 | D:6      | Found a hide-covered altar of Uskayaw.
  6917 | D:6      | Found a glowing silver altar of Zin.
  7157 | D:7      | Reached skill level 14 in Bows
  7369 | D:7      | Found a staircase to the Ecumenical Temple.
  7430 | Temple   | Entered the Ecumenical Temple
  7771 | D:7      | Noticed Pikel
  7966 | D:7      | Killed Pikel
  7966 | D:7      | Reached skill level 15 in Bows
  7966 | D:7      | Reached XP level 9. HP: 34/67 MP: 9/9
  8936 | D:7      | Reached skill level 16 in Bows
  9355 | D:8      | Found a white marble altar of Elyvilon.
  9426 | D:8      | Found an iron altar of Okawaru.
  9616 | D:8      | Became a worshipper of Warmaster Okawaru
  9641 | D:8      | Reached skill level 5 in Fighting
  9735 | D:8      | Noticed a two-headed ogre
  9781 | D:8      | Killed a two-headed ogre
  9781 | D:8      | Reached * piety under Okawaru
  9875 | D:8      | Reached ** piety under Okawaru
  9936 | D:8      | Reached skill level 1 in Armour
  9936 | D:8      | Reached XP level 10. HP: 66/86 MP: 10/10
  9994 | D:8      | Noticed a two-headed ogre
 10060 | D:8      | Killed a two-headed ogre
 10808 | D:8      | Reached *** piety under Okawaru
 10996 | D:9      | Reached skill level 1 in Evocations
 11040 | D:9      | Found an opulent altar of Gozag.
 11117 | D:9      | Found a staircase to the Lair.
 11580 | D:9      | You fall through a shaft for 3 floors!
 11590 | D:12     | Found a gateway to a bazaar.
 11659 | D:10     | Entered Level 10 of the Dungeon
 11834 | D:9      | Found a staircase to the Orcish Mines.
 11888 | D:9      | Found a burning altar of Makhleb.
 12149 | D:10     | Found a burning altar of Makhleb.
 12261 | D:10     | Reached **** piety under Okawaru
 12268 | D:10     | Reached skill level 5 in Armour
 12343 | D:10     | Received a gift from Okawaru
 12400 | D:10     | Noticed a two-headed ogre
 12441 | D:10     | Killed a two-headed ogre
 12441 | D:10     | Reached XP level 11. HP: 92/92 MP: 14/14
 12966 | D:11     | Received a gift from Okawaru
 13258 | D:11     | Noticed a white ugly thing
 13261 | D:11     | Got an encrusted hand axe
 13295 | D:11     | Killed a white ugly thing
 13396 | D:11     | Noticed a two-headed ogre
 13438 | D:11     | Killed a two-headed ogre
 13438 | D:11     | Reached ***** piety under Okawaru
 13438 | D:11     | Received a gift from Okawaru
 13438 | D:11     | Reached skill level 17 in Bows
 14216 | D:11     | Noticed a purple ugly thing
 14269 | D:11     | Killed a purple ugly thing
 14529 | D:12     | Found Opir's Distillery.
 14544 | D:12     | Found Cicluys's Book Shoppe.
 14990 | D:12     | Noticed a cyan ugly thing
 15019 | D:12     | Killed a cyan ugly thing
 15091 | D:12     | Reached skill level 18 in Bows
 15205 | D:12     | Found Pegy's Antique Armour Shoppe.
 15212 | D:12     | Bought a transparent chain mail for 285 gold pieces
 15248 | D:12     | Noticed a cyan ugly thing
 15265 | D:12     | Killed a cyan ugly thing
 15600 | D:12     | Noticed a death knight
 15601 | D:12     | Noticed a skeletal warrior
 15684 | D:11     | Identified the +7 chain mail of the Prince {rPois MP+9 Int+3} (You bought it in a shop on level 12 of the Dungeon)
 15696 | D:11     | Identified the cursed +1 hand axe of Sixarph {chop, Dex+5 Stlth+} (You found it on level 11 of the Dungeon)
 15802 | D:12     | Bought a potion of heal wounds for 85 gold pieces
 15802 | D:12     | Bought a potion of curing for 51 gold pieces
 15802 | D:12     | Bought a potion of ambrosia for 136 gold pieces
 16026 | D:2      | Noticed Crazy Yiuf
 16051 | D:2      | Killed Crazy Yiuf
 16282 | Lair:1   | Entered Level 1 of the Lair of Beasts
 16309 | D:9      | Received a gift from Okawaru
 16341 | D:9      | Received a gift from Okawaru
 16393 | D:9      | Reached skill level 19 in Bows
 16771 | Lair:1   | Found a dark tunnel.
 16848 | Lair:1   | Reached XP level 12. HP: 100/100 MP: 15/15
 16859 | Lair:1   | Received a gift from Okawaru
 16863 | Lair:1   | Got an encrusted helmet {god gift}
 16874 | Lair:1   | Identified the +0 helmet of Sunlight {MR++} (Okawaru gifted it to you on level 1 of the Lair of Beasts)
 17434 | Lair:2   | Found a dark tunnel.
 17461 | Volcano  | Entered a volcano
 17524 | Volcano  | Reached skill level 20 in Bows
 17655 | Volcano  | Reached skill level 1 in Invocations
 17820 | Volcano  | Found a radiant altar of Vehumet.
 17821 | Volcano  | Noticed a centaur warrior
 17838 | Volcano  | Noticed a red draconian
 17840 | Volcano  | Killed from afar by a molten gargoyle

Vault maps used:
D:1:      tarquinn_simple_flora_water_f
D:2:      overflow_temple_1_default, gammafunk_temple_overflow_wave,
          uniq_crazy_yiuf_cottage, uniq_jessica
D:3:      overflow_temple_1_default, nicolae_overflow_hidden_temple
D:4:      fedhas_bush_and_centaur_altar
D:5:      first_ration, zaba_anthole
D:6:      zin_treasury, eat_drink_and_be_merry_uskayaw
D:7:      minmay_temple_entry_mist, uniq_pikel
D:8:      cheibrodos_elevator_heist, elyvilon_altar_5,
          nicolae_overflow_crystal_walls
D:9:      nicolae_gozag_seed_capital, makhleb_grotto_becter,
          grunt_lair_entry_orc_guard_hut, orc_0_dummy, hangedman_fish_farm
D:10:     lemuel_altar_in_water2
D:11:     special_room
D:12:     serial_shops, statue_bzr, nicolae_shop_stone,
          nicolae_shop_competitors_out_of_business, shop, minmay_misc_feat_rows
Temple:   dpeg_three_leaves_temple
Lair:1:   enter_volcano_1, st_stairs_5, serial_bayou_shore_b,
          serial_bayou_shore_a
Lair:2:   guppyfry_snake_entry_island, nicolae_volcano_entry_vermiform,
          nicolae_quartered_pool_super
Volcano:  volcano_grotto

Skill      XL: |  1  2  3  4  5  6  7  8  9 10 11 12 |
---------------+-------------------------------------+-----
Bows           | 6 7 8 9 10 12 15 16 19 20 | 20.0
Fighting       | 7 |  7.0
Armour         | 1 5 6 |  6.0
Evocations     | 4 |  4.2
Invocations    | 3 |  3.4
Dodging        | |  1.3
Stealth        | |  0.4

Action                   |  1- 3 |  4- 6 |  7- 9 | 10-12 || total
-------------------------+-------+-------+-------+-------++-------
Melee: Short sword       |    77 |       |       |       ||    77
       Kick              |    17 |    91 |    59 |    61 ||   228
       Dagger            |    36 |   260 |   201 |   145 ||   642
       Shortbow          |       |       |    11 |       ||    11
       Battleaxe         |       |       |       |     5 ||     5
 Fire: Shortbow          |    11 |    59 |   322 |   749 ||  1141
Invok: Heroism           |       |       |       |    12 ||    12
       Finesse           |       |       |       |     1 ||     1
Evoke: Wand              |       |       |       |     1 ||     1
  Use: Potion            |       |       |     6 |     5 ||    11
       Scroll            |       |       |     6 |    18 ||    24
  Eat: Chunk             |     2 |     8 |    14 |    13 ||    37
       Ration            |       |       |       |     2 ||     2
Armor: Leather armour    |    39 |     2 |       |       ||    41
       Scale mail        |       |    36 |       |       ||    36
       Chain mail        |       |    27 |    80 |   275 ||   382
       Plate armour      |       |       |    67 |       ||    67
       Skin              |       |       |     3 |    11 ||    14
Dodge: Dodged            |    38 |    37 |    39 |   146 ||   260

Table legend:
 A = Spawn XP
 B = Non-spawn XP
 C = Spawn XP percentage of total XP
 D = Spawn monster count
 E = Non-spawn monster count
 F = Spawn count percentage of total count
 G = Total turns spent on level
                    A         B        C        D         E        F      G
               +---------+---------+-------+---------+---------+-------+---------
         Total |       0 |   26222 |   0.0 |       0 |     327 |   0.0 | 17840
               +---------+---------+-------+---------+---------+-------+---------
           D:1 |       0 |      55 |   0.0 |       0 |      29 |   0.0 |  1028
           D:2 |       0 |     119 |   0.0 |       0 |      17 |   0.0 |  1696
           D:3 |       0 |     146 |   0.0 |       0 |      22 |   0.0 |  1216
           D:4 |       0 |     627 |   0.0 |       0 |      30 |   0.0 |  1623
           D:5 |       0 |     707 |   0.0 |       0 |      17 |   0.0 |  1038
           D:6 |       0 |     324 |   0.0 |       0 |      12 |   0.0 |   838
           D:7 |       0 |    1641 |   0.0 |       0 |      19 |   0.0 |  2015
           D:8 |       0 |    3665 |   0.0 |       0 |      42 |   0.0 |  1849
           D:9 |       0 |    3968 |   0.0 |       0 |      23 |   0.0 |  1389
          D:10 |       0 |    3126 |   0.0 |       0 |      21 |   0.0 |   949
          D:11 |       0 |    3922 |   0.0 |       0 |      50 |   0.0 |  1706
          D:12 |       0 |    2483 |   0.0 |       0 |      15 |   0.0 |  1284
        Lair:1 |       0 |    2821 |   0.0 |       0 |      14 |   0.0 |   699
        Lair:2 |       0 |     817 |   0.0 |       0 |       2 |   0.0 |    47
       Volcano |       0 |    1801 |   0.0 |       0 |      14 |   0.0 |   379
               +---------+---------+-------+---------+---------+-------+---------
